 Dungeon Crawl Stone Soup version 0.20-a0-1036-g4d371cd (webtiles) character file.

135 Herrn the Changer (level 5, -3/39 HPs)
             Began as a Formicid Wanderer on Apr 22, 2017.
             Killed by divine providence
             ... invoked by an orc priest
              (13 damage)
             ... on level 3 of the Dungeon.
             The game lasted 00:04:51 (3671 turns).

Herrn the Changer (Formicid Wanderer)               Turns: 3671, Time: 00:04:51

Health: -3/39      AC:  8    Str: 13    XL:     5   Next: 41%
Magic:  8/8        EV:  6    Int: 17    God:
Gold:   127        SH:  0    Dex:  9    Spells: 8/8 levels left

rFire    . . .     SeeInvis +   g - +1 hand axe (holy)
rCold    . . .     Gourm    .   (no shield)
rNeg     . . .     Faith    .   x - +0 chain mail
rPois    .         Spirit   .   (helmet unavailable)
rElec    .         Reflect  .   (no cloak)
rCorr    +         Harm     .   (no gloves)
MR       .....                  (no boots)
Stlth    ..........             (no amulet)
Regen    0.2/turn               p - ring of resist corrosion
MPRegen  0.2/turn               (no ring)

@: no status effects
A: permanent stasis, dig shafts and tunnels, four strong arms, antennae 3
a: Dig, Shaft Self


You were on level 3 of the Dungeon.
You were not hungry.

You visited 1 branch of the dungeon, and saw 3 of its levels.

You collected 127 gold pieces.

Inventory:

Hand Weapons
 g - a +1 hand axe of holy wrath (weapon)
Armour
 x - a +0 chain mail (worn)
Jewellery
 p - a ring of resist corrosion (left hand)
Scrolls
 j - 5 scrolls of remove curse {unknown}
 k - a scroll of enchant armour {unknown}
 n - a scroll of amnesia {unknown}
 r - a scroll of teleportation {unknown}
 s - a scroll of immolation {unknown}
 t - a scroll of magic mapping {unknown}
 v - a scroll of identify {unknown}
Potions
 b - a potion of lignification
 h - a potion of ambrosia {unknown}
 i - 3 potions of agility
 l - 2 potions of heal wounds {unknown}
 m - a potion of curing {unknown}
 o - a potion of degeneration {unknown}
Books
 a - a book of Changes

   Spells                             Type                      Level
   a - Beastly Appendage              Transmutation                1
   b - Sticks to Snakes               Transmutation                2
   c - Spider Form                    Transmutation/Poison         3
   d - Ice Form                       Ice/Transmutation            4
   e - Blade Hands                    Transmutation                5
 c - Noyralis's Catalogue of Air

   Spells                             Type                      Level
   a - Shock                          Conjuration/Air              1
   b - Static Discharge               Conjuration/Air              3
Comestibles
 f - 3 bread rations
 q - a royal jelly


   Skills:
 * Level 2.6 Fighting
 + Level 2.8 Axes
   Level 3.0 Staves
 + Level 1.0 Armour
 + Level 1.5 Dodging
 - Level 1.2 Stealth
   Level 1.2 Shields
 - Level 2.1 Spellcasting
   Level 3.2 Transmutations


You had 8 spell levels left.
You didn't know any spells.

Dungeon Overview and Level Annotations

Branches:
Dungeon (3/15)

Altars:


Innate Abilities, Weirdness & Mutations

You cannot be hasted, slowed, berserked, paralysed or teleported.
You can dig through walls and to a lower floor.
Your four strong arms can wield two-handed weapons with a shield.
You have a pair of large antennae on your head. (SInv)


Message History

You are too injured to fight recklessly!
You are too injured to fight recklessly!
You are too injured to fight recklessly!
You are too injured to fight recklessly!
You are too injured to fight recklessly!
You are too injured to fight recklessly!
You are too injured to fight recklessly!
You are too injured to fight recklessly!
You are too injured to fight recklessly!
You are too injured to fight recklessly!
You are too injured to fight recklessly!
You extend your mandibles.
You dig through the rock wall.
The orc hits you with a morningstar!
* * * LOW HITPOINT WARNING * * *
You dig through the rock wall.
The orc hits you but does no damage.
Found a ruby potion.
You dig through the rock wall.
The orc priest calls down the wrath of Beogh upon you.
Beogh smites you!
You die...

########## ##....#...##
####..........##
#######@#............#
#....!o##......^.....#
.....o.#o#............#
#......).............##
##.....#####....#...##
....... ####†#####
##..### #####.### ##.
#.......# # .##
#.......#


You could see an orc priest and an orc.

Vanquished Creatures
  An orc wizard (D:3)
  2 adders (D:2)
  3 worms
  3 dart slugs
  2 leopard geckos
  8 orcs
  A giant cockroach (D:1)
  4 goblins
  7 hobgoblins
  8 jackals
  2 quokkas
  A ball python (D:1)
  6 bats
  3 frilled lizards
  10 kobolds
  7 rats
68 creatures vanquished.

Notes
Turn   | Place    | Note
-------+----------+-------------------------------------------
     0 | D:1      | Herrn the Formicid Wanderer began the quest for the Orb.
     0 | D:1      | Herrn set off with: a book of Changes, a potion of lignification, Noyralis's Catalogue of Air, a +0 robe, a +0 club, a bread ration
     0 | D:1      | Reached XP level 1. HP: 13/13 MP: 3/3
   312 | D:1      | Reached skill level 1 in Axes
   312 | D:1      | Reached XP level 2. HP: 13/20 MP: 5/5
   321 | D:1      | Reached skill level 1 in Fighting
   991 | D:1      | Reached XP level 3. HP: 18/26 MP: 6/6
  1191 | D:1      | Reached skill level 1 in Dodging
  2196 | D:2      | Reached XP level 4. HP: 25/33 MP: 7/7
  3157 | D:3      | Reached XP level 5. HP: 10/39 MP: 8/8
  3668 | D:3      | Reached skill level 1 in Armour
  3671 | D:3      | Killed from afar by an orc priest

Vault maps used:
D:1:      eino_arrival_water_cross, minmay_tetromino_t4
D:3:      first_bread

Skill      XL: |  1  2  3  4  5 |
---------------+----------------+-----
Axes           | 1 2 |  2.8
Fighting       | 1 2 |  2.6
Dodging        | 1 |  1.5
Armour         | 1 |  1.0
Staves         | |  3.0
Stealth        | |  1.2
Shields        | |  1.2
Spellcasting   | |  2.1
Transmutations | |  3.2

Action                   |  1- 3 |  4- 6 || total
-------------------------+-------+-------++-------
Melee: Hand axe          |   118 |   128 ||   246
 Abil: Dig               |     2 |     1 ||     3
 Stab: Sleeping          |       |     1 ||     1
  Eat: Chunk             |     4 |     5 ||     9
Armor: Robe              |    35 |     2 ||    37
       Ring mail         |       |    31 ||    31
       Chain mail        |       |    17 ||    17
Dodge: Dodged            |   103 |    61 ||   164
